 Dungeon Crawl Stone Soup version 0.32-a0-814-g0968bab981 (webtiles) character file.

Game seed: 11574103034781277992

693 cforsyth the Chopper (level 7, -2/61 HPs)
             Began as a Mountain Dwarf Cinder Acolyte on Mar 22, 2024.
             Was a High Priest of Ignis.
             Slain by an orc warrior
             ... wielding a +0 scimitar
              (11 damage)
             ... on level 5 of the Dungeon.
             The game lasted 00:08:31 (5841 turns).

cforsyth the Chopper (MDCA)                         Turns: 5841, Time: 00:08:31

Health: -2/61      AC:  6    Str: 22    XL:     7   Next: 37%
Magic:  2/11       EV:  9    Int: 20    God:    Ignis [*****.]
Gold:   265        SH:  3    Dex:  3    Spells: 9/11 levels left

rFire   + . .        a - +2 hand axe (flame)
rCold   + . .        l - +0 buckler
rNeg    . . .        m - +1 ring mail "Fuycla" {Fly rC+ Str+3 Dex-2}
rPois   .            (no helmet)
rElec   .            (no cloak)
rCorr   .            (no gloves)
SInv    .            (no boots)
Will    +....        (no amulet) Stlth
                     W - ring of willpower
HPRegen 0.30/turn    I - +6 ring of intelligence
MPRegen 0.12/turn

%: no passive effects
@: flying
A: runic magic, artefact enchanting
a: Renounce Religion, Fiery Armour, Foxfire Swarm, Rising Flame


You were on level 5 of the Dungeon.
You worshipped Ignis.
Ignis was extremely pleased with you.
You visited 1 branch of the dungeon, and saw 5 of its levels.

You collected 265 gold pieces.


Innate Abilities, Weirdness & Mutations

Your spellcasting is much less encumbered by armour.
You can use scrolls of enchantment on lesser artefacts.


   Skills:
 + Level 5.0 Fighting
 + Level 5.4 Axes
 + Level 3.4 Armour
 + Level 2.7 Shields
 + Level 2.8 Spellcasting
 + Level 5.3 Fire Magic


You had 9 spell levels left.
You knew the following spells:

 Your Spells              Type           Power      Damage    Failure   Level
X - Scorch                Fire           48%        2d7       3%          2

Your spell library contained the following spells:

 Spells                   Type           Power      Damage    Failure   Level
 Summon Small Mammal      Summ           8%         N/A       21%         1
 Blink                    Tloc           4%         N/A       30%         2
 Lesser Beckoning         Tloc           4%         N/A       30%         2
 Momentum Strike          Conj/Tloc      4%         3d8       30%         2
 Call Canine Familiar     Summ           2%         N/A       52%         3
 Frozen Ramparts          Ice            4%         1d1       52%         3
 Ozocubu's Armour         Ice            2%         N/A       52%         3
 Sigil of Binding         Hex            2%         N/A       52%         3
 Summon Blazeheart Golem  Fire/Summ      13%        N/A       54%         4
 Dimensional Bullseye     Hex/Tloc       1%         N/A       89%         4
 Metabolic Englaciation   Hex/Ice        1%         N/A       99%         5

Inventory:

Hand Weapons
 a - a +2 hand axe of flaming (weapon)
 k - a +0 war axe
Armour
 l - a +0 buckler (worn)
 m - the +1 ring mail "Fuycla" (worn) {Fly rC+ Str+3 Dex-2}
   (You found it on level 3 of the Dungeon)

   Str+3:     It affects your strength (+3).
   Dex-2:     It affects your dexterity (-2).
   rC+:       It protects you from cold.
   Fly:       It grants you flight.
Magical Staves
 r - a staff of air {!a}
Jewellery
 v - a ring of see invisible
 I - a +6 ring of intelligence (right hand)
 W - a ring of willpower (left hand)
Wands
 j - a wand of charming (10)
Scrolls
 c - 4 scrolls of identify {unknown}
 h - 2 scrolls of blinking {unknown}
 o - a scroll of revelation {unknown}
 p - a scroll of fog {unknown}
 q - a scroll of silence {unknown}
Potions
 b - a potion of degeneration {unknown}
 d - 2 potions of mutation {unknown}
 e - 2 potions of might {unknown}
 f - 3 potions of lignification {unknown}
 g - 5 potions of curing {@q1}
 i - 2 potions of haste {unknown}
 n - a potion of enlightenment {unknown}

Dungeon Overview and Level Annotations

Branches:
Dungeon (5/15)
 Temple: D:4-7

Altars:

Annotations:
D:3 1 runed translucent door, ShinQuickMan's ghost, amateur HuCj

### #.# #.#######
#.......# #.#####@# #.#
#.o).....
#.#####################
...#
#.....................#
...#
#####################.#
...# #.# ...# #.# ...#
###.## ...# #.....


You could see an orc warrior.


Message History

The orc warrior is moderately wounded.
The orc warrior is no longer more vulnerable to fire.
The orc warrior hits you but does no damage.
You closely miss the orc warrior.
The orc warrior is moderately wounded.
You block the orc warrior's attack.
You hit the orc warrior but do no damage.
The orc warrior is moderately wounded.
You block the orc warrior's attack.
You barely miss the orc warrior.
The orc warrior is moderately wounded.
The orc warrior hits you with a +0 scimitar!!
You closely miss the orc warrior.
The orc warrior is moderately wounded.
The orc warrior hits you with a +0 scimitar!
* * * LOW HITPOINT WARNING * * *
You hit the orc warrior. You burn the orc warrior.
The orc warrior is heavily wounded.
The orc warrior hits you with a +0 scimitar!
* * * LOW HITPOINT WARNING * * *
The orc warrior hits you with a +0 scimitar!
* * * LOW HITPOINT WARNING * * *
You barely miss the orc warrior.
The orc warrior is heavily wounded.
You block the orc warrior's attack.
You closely miss the orc warrior.
The orc warrior is heavily wounded.
The orc warrior hits you with a +0 scimitar!
You die...
Ignis goes out, and joins you in death.

Skill      XL: |  1  2  3  4  5  6  7 |
---------------+----------------------+-----
Armour         | 1 2 3 |  3.4
Axes           | 4 5 |  5.4
Fire Magic     | 4 5 |  5.3
Fighting       | 4 5 |  5.0
Shields        | 1 2 |  2.7
Spellcasting   | 2 |  2.8

Action                     |  1- 3 |  4- 6 |  7- 9 || total
---------------------------+-------+-------+-------++-------
  Melee: Hand axe          |   104 |    24 |    34 ||   162
   Cast: Scorch            |     4 |    68 |    35 ||   107
  Evoke: Wand              |       |       |     2 ||     2
    Use: Potion            |       |       |     2 ||     2
 Armour: Robe              |    56 |     6 |       ||    62
         Leather armour    |       |    10 |       ||    10
         Ring mail         |       |    41 |    51 ||    92
  Dodge: Dodged            |    56 |    39 |    14 ||   109
  Block: Buckler           |       |     6 |    11 ||    17

Levels and vault maps discovered:
D:1:      dpeg_arrival_tiny_i, layout_rooms,
          shapermc_ecumenical_altar_rom_forum, minmay_tripent
D:2:      layout_basic
D:3:      layout_rooms, gammafunk_ghost_grave
D:4:      layout_loops_ring, uniq_ijyb
D:5:      layout_basic

Notes
Turn   | Place    | Note
-------+----------+-------------------------------------------
     0 | D:1      | cforsyth the Mountain Dwarf Cinder Acolyte began the quest
                  | for the Orb.
     0 | D:1      | Reached XP level 1. HP: 19/19 MP: 2/2
   122 | D:1      | Reached XP level 2. HP: 26/26 MP: 3/3
   435 | D:1      | Reached skill level 1 in Armour
   511 | D:1      | Reached skill level 4 in Axes
   551 | D:1      | Reached skill level 4 in Fire Magic
   551 | D:1      | Reached XP level 3. HP: 23/31 MP: 5/5
   607 | D:1      | Found a faded altar of an unknown god.
   614 | D:1      | Got Plato's Anthology of Adjuration
   724 | D:2      | Identified the +0 dagger "Wiklaal" {freeze, Dex+3}
   978 | D:2      | Learned a level 2 spell: Scorch
  1055 | D:2      | Reached XP level 4. HP: 32/40 MP: 0/6
  1666 | D:3      | Noticed an ogre
  1957 | D:3      | Reached skill level 4 in Fighting
  2158 | D:3      | Reached skill level 2 in Armour
  2249 | D:3      | Killed an ogre
  2250 | D:3      | Reached skill level 1 in Shields
  2250 | D:3      | Reached skill level 2 in Spellcasting
  2250 | D:3      | Reached XP level 5. HP: 46/46 MP: 2/8
  2461 | D:3      | Found a runed translucent door.
  2461 | D:3      | Noticed ShinQuickMan's ghost (amateur HuCj)
  2575 | D:3      | Identified the +1 ring mail "Fuycla" {Fly rC+ Str+3 Dex-2}
  3181 | D:4      | Noticed Ijyb
  3280 | D:3      | Reached XP level 6. HP: 43/53 MP: 0/9
  3508 | D:4      | Killed Ijyb
  3628 | D:4      | Identified the +0 robe of the Narrow God {Harm Will+++
                  | Str-4 Dex+2}
  3701 | D:4      | Reached skill level 5 in Axes
  3701 | D:4      | Reached skill level 2 in Shields
  3701 | D:4      | Reached skill level 5 in Fire Magic
  4170 | D:5      | Entered Level 5 of the Dungeon
  4241 | D:5      | Reached skill level 3 in Armour
  4379 | D:5      | Reached XP level 7. HP: 60/60 MP: 3/10
  5129 | D:5      | HP: 2/60 [gnoll/+0 flail[a gnoll sergeant] (8)]
  5683 | D:5      | Reached skill level 5 in Fighting
  5841 | D:5      | Slain by an orc warrior

Vanquished Creatures
  A black bear (D:4)
  An ogre (D:3)
  A gnoll sergeant (D:5)
  A scorpion (D:3)
  A howler monkey (D:5)
  A hound (D:5)
  A jelly (D:5)
  A sleepcap (D:3)
  Ijyb (D:4)
  An iguana (D:2)
  2 orc wizards (D:5)
  3 gnolls (D:5)
  7 adders
  3 dart slugs
  14 orcs
  10 endoplasms
  A giant cockroach (D:4)
  8 goblins
  5 hobgoblins
  3 jackals (D:4)
  2 quokkas
  6 ball pythons
  3 bats
  2 frilled lizards
  9 kobolds
  8 rats
96 creatures vanquished.

Table legend: (Time is in decaauts)
 A = Elapsed time spent in this place.
 B = Non-inter-level travel time spent in this place.
 C = Inter-level travel time spent in this place.
 D = Time resting spent in this place.
 E = Time spent auto-exploring this place.
 F = Levels seen in this place.
 G = Mean time per level.
                   A        B        C        D        E       F      G
               +--------+--------+--------+--------+--------+-----+--------+
         Total |   5864 |   5603 |    261 |   1157 |   3582 |   5 | 1172.8 |
       Dungeon |   5864 |   5603 |    261 |   1157 |   3582 |   5 | 1172.8 |
               +--------+--------+--------+--------+--------+-----+--------+

Top non-repeatable levels by time:
     D:3: 1438 daAuts
     D:4: 1404 daAuts
     D:5: 1115 daAuts
     D:2: 1062 daAuts
     D:1: 843 daAuts

Table legend:
 A = Non-vault XP
 B = Vault XP
 C = Vault XP percentage of total XP
 D = Non-vault monster count
 E = Vault monster count
 F = Vault count percentage of total count
                 A         B        C        D         E       F
            +---------+---------+-------+---------+---------+-------
      Total |     952 |      39 |   3.9 |      93 |       3 |   3.1
            +---------+---------+-------+---------+---------+-------
        D:1 |      38 |       3 |   7.3 |      22 |       2 |   8.3
        D:2 |      96 |       0 |   0.0 |      19 |       0 |   0.0
        D:3 |     298 |       0 |   0.0 |      22 |       0 |   0.0
        D:4 |     151 |      36 |  19.3 |      13 |       1 |   7.1
        D:5 |     369 |       0 |   0.0 |      17 |       0 |   0.0
            +---------+---------+-------+---------+---------+-------
